 Dungeon Crawl Stone Soup version 0.24.0-13-gcf9b3192b9 (webtiles) character file.

Game seed: 6559708303404252272, levelgen mode: deterministic

35 Katsumi the Changer (level 3, 0/15 HPs)
             Began as a Felid Transmuter on Nov 9, 2019.
             Was an Initiate of Makhleb.
             Slain by a leopard gecko zombie (3 damage)
             ... on level 3 of the Dungeon.
             The game lasted 00:03:26 (3979 turns).

Katsumi the Changer (Felid Transmuter)              Turns: 3979, Time: 00:03:27

Health: 0/15       AC:  1    Str:  6    XL:     3   Next: 17%
Magic:  7/7        EV: 18    Int: 15    God:    Makhleb [......]
Gold:   63         SH:  0    Dex: 16    Spells: 3/6 levels left
                                        Lives:  0   Deaths: 1

rFire    . . .     SeeInvis +     - Unarmed
rCold    . . .     Gourm    .   (shield unavailable)
rNeg     . . .     Faith    .   (armour unavailable)
rPois    .         Spirit   .   (helmet unavailable)
rElec    .         Reflect  .   (cloak unavailable)
rCorr    .         Harm     +   (gloves unavailable)
MR       .....                  (boots unavailable)
Stlth    ++........             b - amulet of harm
HPRegen  0.05/turn              (no ring)
MPRegen  0.10/turn              (no ring)

@: quick
A: very small, no armour, no weapons or thrown items, stealth, claws 1, fangs 3,
see invisible, carnivore, speed 1, shaggy fur 1, slow metabolism 1, sharp paws
a: Renounce Religion


You were on level 3 of the Dungeon.
You worshipped Makhleb.
Makhleb was noncommittal.
You were not hungry.

You visited 1 branch of the dungeon, and saw 4 of its levels.

You collected 63 gold pieces.

Inventory:

Jewellery
 b - an amulet of harm (around neck)
Scrolls
 e - a scroll of fog {unknown}
 f - a scroll of identify {unknown}
 g - 2 scrolls of enchant weapon
 i - a scroll of amnesia {unknown}
 k - a scroll of teleportation
Potions
 a - a potion of haste {unknown}
 d - a potion of flight
 h - a potion of curing {unknown}
 j - a potion of heal wounds {unknown}
 l - a potion of agility {unknown}
Comestibles
 c - 4 rations


   Skills:
 - Level 1.0 Fighting
 - Level 2.6 Dodging
 - Level 3.0 Unarmed Combat
 - Level 2.0 Spellcasting
 + Level 5.0 Transmutations


You had 3 spell levels left.
You knew the following spells:

 Your Spells              Type           Power        Failure   Level  Hunger
a - Beastly Appendage     Tmut           ###...       2%          1    #......
b - Sticks to Snakes      Tmut           ###.....     4%          2    ###....

Your spell library contained the following spells:

 Spells                   Type           Power        Failure   Level  Hunger
 Spider Form              Tmut/Pois      #.........   24%         3    ###....
 Ice Form                 Ice/Tmut       #.......     61%         4    #####..
 Blade Hands              Tmut           ###.......   61%         5    ######.


Dungeon Overview and Level Annotations

Branches:
Dungeon (4/15)
 Temple: D:4-7

Altars:
Makhleb
Nemelex Xobeh
Sif Muna
Uskayaw
Yredelemnul


Innate Abilities, Weirdness & Mutations

You cannot wear armour.
You are incapable of wielding weapons or throwing items.
Your paws allow you to move quietly. (Stealth)
You have sharp claws.
You have razor-sharp teeth.
You have supernaturally acute eyesight. (SInv)
You are carnivorous and can eat meat at any time.
You cover ground quickly.
You are covered in fur. (AC +1)
You have a slow metabolism.
Your sharp claws are effective at attacking unaware monsters.


Message History

The rat barely misses you. The rat misses you. The rat completely misses you.
The rat barely misses you. The rat bites you.
* * * LOW HITPOINT WARNING * * *
The rat closely misses you. The rat bites you.
* * * LOW HITPOINT WARNING * * *
The leopard gecko zombie barely misses you.
The rat misses you.
The leopard gecko zombie closely misses you.
The rat misses you.
You can no longer gain health from killing.
The leopard gecko zombie misses you. The rat closely misses you.
The leopard gecko zombie misses you. The rat barely misses you.
The leopard gecko zombie closely misses you.
The rat misses you. The leopard gecko zombie bites you.
You die...

########.## #..........
.........####........#
........###..........#
........# #..........#
........###...P.P?#
.....#........._..# ####
..#########...P.P.#######
#.H. ..# #<....Z.......#
#.## ..# #.....@r#####g#
#.# ..# #.......# #.# #.#
### #.......# #H# #.#
#.......# #.# #H#
######### #g######.#
#...H....# ##########


You could see a leopard gecko zombie and a rat.

Vanquished Creatures
  3 adders (D:2)
  An adder skeleton (D:3)
  2 dart slugs
  An orc (D:3)
  5 giant cockroaches
  3 goblins
  5 hobgoblins
  2 jackals (D:3)
  8 kobolds
  5 bats
  3 frilled lizards
  3 rats
41 creatures vanquished.

Vanquished Creatures (collateral kills)
  A gnoll (D:1)
  2 hobgoblins
  A jackal (D:3)
4 creatures vanquished.

Grand Total: 45 creatures vanquished

Notes
Turn   | Place    | Note
-------+----------+-------------------------------------------
     0 | D:1      | Katsumi the Felid Transmuter began the quest for the Orb.
     0 | D:1      | Reached XP level 1. HP: 9/9 MP: 4/4
   186 | D:1      | Reached skill level 3 in Transmutations
   186 | D:1      | Reached XP level 2. HP: 8/12 MP: 4/6
   205 | D:1      | Learned a level 2 spell: Sticks to Snakes
   694 | D:2      | Found a burning altar of Makhleb.
   909 | D:2      | Became a worshipper of Makhleb the Destroyer
  1687 | D:2      | Reached XP level 3. HP: 14/15 MP: 5/7
  1770 | D:2      | Reached skill level 4 in Transmutations
  1869 | D:2      | Noticed a +0 hand axe
  1870 | D:2      | Noticed a +0 hand axe
  1871 | D:2      | Found a hide-covered altar of Uskayaw.
  2299 | D:2      | Reached XP level 4. HP: 17/19 MP: 4/8
  2386 | D:2      | Found a shimmering blue altar of Sif Muna.
  2545 | D:3      | Reached * piety under Makhleb
  2950 | D:3      | Found a basalt altar of Yredelemnul.
  2956 | D:3      | Noticed a hippogriff
  3036 | D:3      | Found a sparkling altar of Nemelex Xobeh.
  3428 | D:3      | Reached skill level 5 in Transmutations
  3899 | D:3      | Slain by a hippogriff
  3900 | D:3      | Reached XP level 3. HP: -5/15 MP: 4/7
  3979 | D:3      | Slain by a leopard gecko zombie

Levels and vault maps discovered:
D:1:      psy_arrival_terrarium, layout_loops_ring, minmay_misc_feat_encased,
          eino_curves_04
D:2:      layout_loops_cross, dancing_weapons_uskayaw, led_sif_pool,
          lemuel_round_altar, first_ration
D:3:      layout_basic, yredelemnul_altar_generic, overflow_temple_1_default
D:4:      layout_basic, okawaru_gym_becter, elyvilon_altar_5,
          ebering_ghost_reflecting_pool, nemelex_altar_shiori, uniq_pikel

Skill      XL: |  1  2  3  4 |
---------------+-------------+-----
Transmutations | 3 4 5 |  5.0
Fighting       | |  1.0
Dodging        | |  2.6
Unarmed Combat | |  3.0
Spellcasting   | |  2.0

Action                   |  1- 3 |  4- 6 || total
-------------------------+-------+-------++-------
Melee: Unarmed           |   108 |    32 ||   140
       Headbutt          |    14 |     4 ||    18
       Bite              |     7 |       ||     7
       Punch             |       |     1 ||     1
 Cast: Beastly Appendage |    33 |    10 ||    43
       Sticks to Snakes  |     5 |     7 ||    12
  Use: Scroll            |       |     2 ||     2
       Potion            |       |     2 ||     2
 Stab: Sleeping          |     1 |       ||     1
  Eat: Chunk             |     7 |     2 ||     9
Armor: Skin              |    10 |     3 ||    13
Dodge: Dodged            |   133 |    47 ||   180
